 Dungeon Crawl Stone Soup version 0.29-a0-352-g0917bc69df (console) character file.

Game seed: 6844416295868659180

91 petzl the Vexing (level 4, -8/33 HPs)
             Began as a Formicid Arcane Marksman on Apr 23, 2022.
             Mangled by a yak (10 damage)
             ... on level 4 of the Dungeon.
             The game lasted 00:07:17 (3050 turns).

petzl the Vexing (Formicid Arcane Marksman)         Turns: 3050, Time: 00:07:18

Health: -8/33      AC:  5    Str: 21    XL:     4   Next: 88%
Magic:  7/7        EV: 11    Int: 14    God:
Gold:   136        SH:  0    Dex: 11    Spells: 6/7 levels left

rFire   + . .      SeeInvis +   a - +0 hand crossbow
rCold   . . .      Faith    .   (no shield)
rNeg    . . .      Spirit   .   l - +0 ring mail
rPois   .          Reflect  .   (helmet unavailable)
rElec   +          Harm     .   (no cloak)
rCorr   .          Rampage  .   (no gloves)
Will    .....                   (no boots)
Stlth   +.........              s - amulet "Naummirr" {RegenMP rElec rF+ Slay+2}
HPRegen 0.11/turn               e - +6 ring of strength
MPRegen 0.50/turn               r - ring of wizardry

@: no status effects
A: permanent stasis, dig shafts and tunnels, antennae 3, four strong arms
a: Dig, Shaft Self


You were on level 4 of the Dungeon.
You visited 1 branch of the dungeon, and saw 4 of its levels.

You collected 136 gold pieces.

Inventory:

Hand Weapons
 a - a +0 hand crossbow (weapon)
 t - a +0 rapier
Armour
 l - a +0 ring mail (worn)
Jewellery
 e - a +6 ring of strength (left hand)
 r - a ring of wizardry (right hand)
 s - the amulet "Naummirr" (around neck) {RegenMP rElec rF+ Slay+2}
   (You found it on level 3 of the Dungeon)

   [amulet of magic regeneration]

   It increases your rate of magic regeneration.
   Slay:      It affects your accuracy & damage with ranged weapons and melee
   (+2).
   rF:        It protects you from fire.
   rElec:     It insulates you from electricity.
Scrolls
 b - a scroll of holy word {unknown}
 c - 2 scrolls of vulnerability
 d - 2 scrolls of identify {unknown}
 f - 2 scrolls of teleportation {unknown}
 p - 2 scrolls of silence {unknown}
 q - a scroll of enchant weapon {unknown}
Potions
 g - 2 potions of heal wounds {unknown}
 h - 2 potions of attraction {unknown}
 i - a potion of lignification {unknown}
 j - a potion of mutation {unknown}
 k - a potion of haste {unknown}
 m - 3 potions of magic {unknown}
 n - a potion of might {unknown}
 o - a potion of curing {unknown}


   Skills:
 + Level 2.0 Fighting
 + Level 2.6 Crossbows
 + Level 1.6 Armour
 + Level 2.3 Dodging
 + Level 1.7 Stealth
 + Level 2.0 Spellcasting
 - Level 3.6 Hexes


You had 6 spell levels left.
You knew the following spells:

 Your Spells              Type           Power      Damage    Failure   Level
a - Slow                  Hex            44%        N/A       3%          1

Your spell library contained the following spells:

 Spells                   Type           Power      Damage    Failure   Level
 Ensorcelled Hibernation  Hex/Ice        12%        N/A       12%         2
 Inner Flame              Hex/Fire       6%         N/A       22%         3
 Portal Projectile        Hex/Tloc       12%        N/A       22%         3
 Cause Fear               Hex            5%         N/A       32%         4
 Gell's Gravitas          Tloc           1%         N/A       41%         3
 Lesser Beckoning         Tloc           1%         N/A       41%         3
 Spider Form              Tmut/Pois      1%         N/A       41%         3
 Teleport Other           Tloc           1%         N/A       41%         3
 Anguish                  Hex/Necr       3%         N/A       56%         4


Dungeon Overview and Level Annotations

Branches:
Dungeon (4/15)
 Temple: D:4-7

Altars:
Kikubaaqudgha
Ru

Shops:
D:2 :


Innate Abilities, Weirdness & Mutations

You cannot be hasted, slowed, berserked, paralysed or teleported.
You can dig through walls and to a lower floor.
You have a pair of large antennae on your head. (SInv)
Your four strong arms can wield two-handed weapons with a shield.


Message History

The adder barely misses you.
You climb upwards.
There is a stone staircase leading down here.
Casting: Slow (safe; 3% risk of failure)
Confirm with . or Enter, or press ? or * to list all spells.
Aiming: Slow (safe; 3% risk of failure)
Press: ? - help, Shift-Dir - straight line, f - adder
Aim: an adder (chance to affect: 58%)
The adder seems to slow down.
The adder barely misses you.
You shoot a bolt. The bolt hits the adder.
The adder is lightly wounded.
The adder bites you.
You shoot a bolt. The bolt hits the adder.
The adder is severely wounded.
The adder misses you. The adder closely misses you.
You shoot a bolt. The bolt hits the adder.
You kill the adder!
Your life force feels restored.
Your Fighting skill increases to level 2!
Your Spellcasting skill increases to level 2!
You start resting.
Magic restored.
You start resting.
HP restored.
You can't go up here!
You climb downwards.
The yak bellows! x2
The yak gores you! The yak gores you but does no damage. The yak gores you!
* * * LOW HITPOINT WARNING * * *
The yak gores you.
* * * LOW HITPOINT WARNING * * *
There is a stone staircase leading up, spattered with blood here.
Unknown command.
Unknown command.
Unknown command.
Unknown command.
Unknown command.
Unknown command.
The yak attacks as you move away! The yak gores you!
You die...

#.(....# #......###
#.#.#.)..###
#.#g#..#.†.#
#.#.##.###>#
#.#........##
#....g....##
#..........# #
#...##.g####.##.##{
###. ##.####.....#
# #<...#.....#
##.........#
##.##.....# {
#......###
####..... ##...##
#.#...##
...##.Y##..#...
#.....@.......
###....Y###..#
#.?.#...#
..Y..###...# ..YY.
..... .Y.# .#...#
..# .##..# .. .#
..#


You could see 6 yaks.

Vanquished Creatures
  A gnoll (D:3)
  3 adders
  A dart slug (D:1)
  3 bats
  4 endoplasms
  4 giant cockroaches
  5 goblins
  7 hobgoblins
  2 jackals (D:2)
  A kobold (D:3)
  4 quokkas
  6 ball pythons
  A frilled lizard (D:2)
  5 rats
47 creatures vanquished.

Notes
Turn   | Place    | Note
-------+----------+-------------------------------------------
     0 | D:1      | petzl the Formicid Arcane Marksman began the quest for the
                  | Orb.
     0 | D:1      | Reached XP level 1. HP: 15/15 MP: 2/2
    47 | D:1      | Reached XP level 2. HP: 12/21 MP: 3/3
   189 | D:1      | Found a faded altar of an unknown god.
   532 | D:1      | Reached skill level 1 in Stealth
   696 | D:1      | Reached XP level 3. HP: 26/26 MP: 5/5
  1089 | D:2      | Noticed a phantom
  1195 | D:2      | Found an ancient bone altar of Kikubaaqudgha.
  1224 | D:2      | Reached skill level 1 in Armour
  1516 | D:2      | Found Etzokhlu's Book Boutique.
  1519 | D:2      | Reached XP level 4. HP: 33/33 MP: 6/6
  2036 | D:3      | Found a sacrificial altar of Ru.
  2294 | D:3      | Identified the amulet "Naummirr" {RegenMP rElec rF+ Slay+2}
  2989 | D:4      | Noticed a yak
  2989 | D:4      | Noticed a yak
  2990 | D:4      | Noticed a yak
  2990 | D:4      | Noticed a yak
  2990 | D:4      | Noticed a yak
  3049 | D:4      | Noticed a yak
  3050 | D:4      | Mangled by a yak

Illustrated notes

Levels and vault maps discovered:
D:1:      lightli_arrival_quake, layout_basic, ebering_ecumenical_altar_rust
D:2:      layout_basic, basic_altar, serial_shops, nicolae_shop_hallway_plus,
          minmay_pentomino_u2
D:3:      layout_basic, hangedman_ru_absence
D:4:      layout_rooms, overflow_temple_1_default, okawaru_ov_weapons_minmay,
          gammafunk_temple_overflow_claw, hangedman_decor_growths

Skill      XL: |  1  2  3  4 |
---------------+-------------+-----
Dodging        | 2 |  2.3
Stealth        | 1 |  1.7
Armour         | 1 |  1.6
Fighting       | 2 |  2.0
Spellcasting   | 2 |  2.0
Crossbows      | |  2.6
Hexes          | |  3.6

Action                   |  1- 3 |  4- 6 || total
-------------------------+-------+-------++-------
 Fire: Hand crossbow     |   114 |    55 ||   169
 Cast: Slow              |     1 |     8 ||     9
 Abil: Dig               |     1 |     2 ||     3
Armor: Robe              |     6 |       ||     6
       Ring mail         |    24 |    17 ||    41
Dodge: Dodged            |    47 |    31 ||    78

Table legend: (Time is in decaauts)
 A = Elapsed time spent in this place.
 B = Non-inter-level travel time spent in this place.
 C = Inter-level travel time spent in this place.
 D = Time resting spent in this place.
 E = Time spent auto-exploring this place.
 F = Levels seen in this place.
 G = Mean time per level.
                   A        B        C        D        E       F      G
               +--------+--------+--------+--------+--------+-----+--------+
         Total |   3127 |   2892 |    235 |    841 |   1429 |   4 |  781.8 |
       Dungeon |   3127 |   2892 |    235 |    841 |   1429 |   4 |  781.8 |
               +--------+--------+--------+--------+--------+-----+--------+

Top non-repeatable levels by time:
     D:2: 1036 daAuts
     D:3: 1029 daAuts
     D:1: 996 daAuts
     D:4: 64 daAuts
